 Dungeon Crawl Stone Soup version bcrawl-1.40.3b (webtiles) character file.

Game seed: 2283737356235653384

122134 petercordia3 the Skirmisher (level 5, 55/55 HPs)
             Began as an Ogre Archaeologist on Feb 22, 2024.
             Got out of the dungeon alive.
             The game lasted 00:04:17 (2529 turns).

petercordia3 the Skirmisher (Ogre Archaeologist)    Turns: 2529, Time: 00:04:18

Health: 55/55      AC:  5    Str: 15    XL:     5   Next: 0%
Magic:  5/5        EV:  1    Int: 15    God:
Gold:   116        SH: 12    Dex:  8    Spells: 4/4 levels left

rFire    . . .     GDR:     19% a - +0 whip
rCold    . . .     SeeInvis .   h - +2 large shield {reflect}
rNeg     . . .     Gourm    .   c - +1 robe
rPois    .         Faith    .   d - +1 hat
rElec    .         Spirit   .   (no cloak)
rCorr    .         Reflect  +   (gloves unavailable)
MR       .....                  (boots unavailable)
Stlth    ++........             (no amulet)
HPRegen  0.19/turn              (no ring)
MPRegen  0.09/turn              (no ring)

@: no status effects
A: large, unfitting armour, tough skin 1
a: no special abilities


You escaped.
You were hungry.

You visited 1 branch of the dungeon, and saw 2 of its levels.

You collected 116 gold pieces.

Inventory:

Hand Weapons
 a - a +0 whip (weapon)
 b - a +0 blowgun
 q - a +0 spear
 t - a +2 vampiric spear
Missiles
 f - 6 curare-tipped needles
 j - 401 stones (quivered)
 k - 255 bolts
 n - 127 poisoned tomahawks
 w - 187 sling bullets
Armour
 c - a +1 robe (worn)
 d - a +1 hat (worn)
 h - a +2 large shield of reflection (worn)
 o - a +1 robe
Jewellery
 m - a +2 ring of evasion {unknown}
 r - an uncursed ring of protection from magic
Scrolls
 g - a scroll of revelation
 i - a scroll of identify
 l - a scroll of teleportation {unknown}
Potions
 p - a potion of magic {unknown}
 s - a potion of haste {unknown}
 u - a potion of agility {unknown}
 v - a potion of mutation {unknown}
Comestibles
 e - 4 rations {!d}


   Skills:
 + Level 4.4 Fighting
 + Level 4.0 Maces & Flails
 - Level 2.6 Dodging
 - Level 2.4 Stealth
 + Level 0.0 Shields


You had 4 spell levels left.
You didn't know any spells.
Your spell library was empty.

Dungeon Overview and Level Annotations

Branches:
Dungeon (2/12)

Altars:

Annotations:
D:1 2 transporters


Innate Abilities, Weirdness & Mutations

You are too large for most types of armour.
You have tough skin. (AC +1)


Message History

You swing at nothing.
Okay, then.
(D) Dungeon
Where to? (Enter - D:2 @ (x,y), ? - help)
What level of the Dungeon? (default 1, ? - help)
r - an uncursed ring of protection from magic You see here a +0 short sword.
There is an open door here.
There is an open door here.
There is an open door here.
There is a stone staircase leading up here.
You climb upwards.
Level annotation: 2 transporters
There is a stone staircase leading down here.
You see here a +0 dagger.
You enter the shallow water.
Moving in this stuff is going to be slow.
There is a staircase leading out of the dungeon here.
Are you sure you want to leave the Dungeon?
This will make you lose the game!
You have escaped!

##.##. #..#. ##.#.
########## #...
##≈≈≈≈≈≈≈≈#### ##..
#≈≈≈≈≈≈≈≈≈≈≈≈#### #..
#≈≈≈≈≈.≈≈≈≈≈≈≈≈≈## #..
#≈≈≈≈.©.≈≈≈≈≈≈≈≈≈## ##.
##≈≈≈≈.@⌠≈≈≈≈≈≈≈≈≈≈# #.
#..≈≈≈.©.≈≈≈≈≈≈≈≈≈≈# #.
#.≈≈≈≈≈.≈≈≈≈≈.≈≈≈≈≈## #>
#.≈≈≈≈≈≈≈≈≈≈.©.≈≈≈..# #.
#.≈≈≈≈≈≈≈≈≈≈⌠>..≈.≈.# #.
#.#≈≈≈≈≈≈≈≈≈.©.≈.≈≈.###.
#.##≈≈≈≈≈≈≈≈≈.≈≈≈≈≈.....
#.#####≈≈≈≈≈≈≈≈≈≈≈≈.####
#.# ####≈≈≈≈≈≈≈≈.....#


There were no monsters in sight!

Vanquished Creatures
  4 gnolls
  An ooze (D:1)
  2 worms (D:2)
  2 leopard geckos (D:2)
  6 bats
  A giant cockroach (D:1)
  4 goblins
  8 hobgoblins
  8 jackals
  12 kobolds
  3 quokkas (D:2)
  2 frilled lizards
  7 rats (D:1)
60 creatures vanquished.

Notes
Turn   | Place    | Note
-------+----------+-------------------------------------------
     0 | D:1      | petercordia3 the Ogre Archaeologist began the quest for the
                  | Orb.
     0 | D:1      | Reached XP level 1. HP: 19/19 MP: 1/1
   174 | D:1      | Reached XP level 2. HP: 28/28 MP: 2/2
   625 | D:1      | Reached XP level 3. HP: 36/36 MP: 3/3
  1492 | D:1      | Reached XP level 4. HP: 30/48 MP: 4/4
  2406 | D:2      | Reached XP level 5. HP: 52/55 MP: 5/5
  2406 | D:2      | Identified a scroll of acquirement
  2406 | D:2      | Identified the ring "Kiymeask" {Fire *Corrode Dex+5} (You
                  | acquired it on level 2 of the Dungeon)
  2529 | D:$      | Got out of the dungeon alive.

Skill      XL: |  1  2  3  4 |
---------------+-------------+-----
Fighting       | 2 3 4 |  4.4
Maces & Flails | 2 3 4 |  4.0
Dodging        | |  2.6
Stealth        | |  2.4

Action                   |  1- 3 |  4- 6 || total
-------------------------+-------+-------++-------
Melee: Whip              |   125 |   114 ||   239
Throw: Stone             |     3 |       ||     3
  Use: Scroll            |       |     1 ||     1
 Stab: Sleeping          |     2 |     1 ||     3
  Eat: Chunk             |     5 |     6 ||    11
Armor: Robe              |    40 |    43 ||    83
Dodge: Dodged            |    60 |    76 ||   136
